 Dungeon Crawl Stone Soup version 0.30-a0-358-g0d69a1922f (webtiles) character file.

Game seed: 10736162434784606786

30 p00ps00p the Trooper (level 3, -2/33 HPs)
             Began as a Hill Orc Fighter on Nov 10, 2022.
             Killed by nerve-wracking pain
             ... invoked by Grinder
              (13 damage)
             ... on level 3 of the Dungeon.
             The game lasted 00:02:23 (1346 turns).

p00ps00p the Trooper (Hill Orc Fighter)             Turns: 1346, Time: 00:02:24

Health: -2/33      AC:  6    Str: 20    XL:     3   Next: 18%
Magic:  3/3        EV:  9    Int:  8    God:
Gold:   103        SH:  6    Dex: 10    Spells: 2/2 levels left

rFire   . . .      SeeInvis .    a - +0 war axe
rCold   . . .      Faith    .    g - +2 buckler
rNeg    . . .      Spirit   .    b - +0 scale mail
rPois   +          Reflect  .    (no helmet)
rElec   .          Harm     .    (no cloak)
rCorr   .          Rampage  .    (no gloves)
Will    .....                    (no boots)
Stlth   ..........               (no amulet)
HPRegen 0.25/turn                k - ring of poison resistance
MPRegen 0.08/turn                (no ring)

@: mighty
A: no striking features
a: no special abilities


You were on level 3 of the Dungeon.
You visited 1 branch of the dungeon, and saw 3 of its levels.

You collected 103 gold pieces.

Inventory:

Hand Weapons
 a - a +0 war axe (weapon)
Missiles
 n - 2 poisoned darts (quivered)
Armour
 b - a +0 scale mail (worn)
 g - a +2 buckler (worn)
Jewellery
 k - a ring of poison resistance (left hand)
Potions
 c - 3 potions of heal wounds {unknown}
 d - a potion of might
 h - a potion of degeneration {unknown}
 j - a potion of mutation {unknown}
 l - a potion of ambrosia {unknown}


   Skills:
 + Level 4.0 Fighting
 + Level 3.3 Axes
 + Level 3.6 Armour
 + Level 3.6 Shields


You had 2 spell levels left.
You didn't know any spells.
Your spell library contained the following spells:

 Spells                   Type           Power      Damage    Failure   Level
 Frozen Ramparts          Ice            0%         1d1       99%         3
 Ice Form                 Ice/Tmut       0%         N/A       100%        4
 Summon Ice Beast         Ice/Summ       0%         N/A       100%        4


Dungeon Overview and Level Annotations

Branches:
Dungeon (3/15)

Altars:

Annotations:
D:3 Grinder


Message History

Grinder barely misses you.
You hit Grinder.
Grinder is moderately wounded.
Grinder hits you but does no damage. Grinder gestures at you.
You resist with significant effort.
You feel very mighty all of a sudden.
Grinder blinks!
Found a scroll labelled LARAAL BOLAOD.
Your butterfly disappears in a burst of colours!
Your butterfly disappears in a burst of colours!
Grinder blinks!
Grinder gestures at you. Pain shoots through your body!
Your butterfly disappears in a burst of colours!
Grinder blinks!
Grinder blinks!
Grinder says, "I used to sell toenails on the black market."
Grinder hits you but does no damage.
You slash Grinder!
Grinder is heavily wounded.
Grinder hits you.
You writhe in agony.
You slice Grinder!!
Grinder is almost dead.
Grinder closely misses you.
You closely miss Grinder.
Grinder is almost dead.
Grinder hits you.
* * * LOW HITPOINT WARNING * * *
You writhe in agony.
* * * LOW HITPOINT WARNING * * *
Grinder blinks!
You feel better.
Grinder says, "My boss said I was rubbish.
His entrails said otherwise."
You barely miss Grinder.
Grinder is almost dead.
Grinder blinks!
Grinder gestures at you. Pain shoots through your body!
You die...

#.# #b# #
#.########### #b#
#.
#.##...bb...##.#
#.##.##.######..b#
#?......# ####b#
#..#.#..# #b#
#.......# #.#
##.#.#.## .#
#..@..# # ##.ยง.##
#...5.# #.......
#.....### ##...##
#####


You could see Grinder.

Vanquished Creatures
  A dart slug (D:2)
  4 ball pythons
  An endoplasm (D:1)
  4 goblins
  2 hobgoblins (D:1)
  3 jackals (D:2)
  2 kobolds
  A quokka (D:1)
  3 bats
  2 frilled lizards
  A rat (D:2)
24 creatures vanquished.

Notes
Turn   | Place    | Note
-------+----------+-------------------------------------------
     0 | D:1      | p00ps00p the Hill Orc Fighter began the quest for the Orb.
     0 | D:1      | Reached XP level 1. HP: 19/19 MP: 1/1
   310 | D:1      | Reached XP level 2. HP: 27/27 MP: 2/2
   980 | D:2      | Reached skill level 4 in Fighting
  1018 | D:2      | Reached XP level 3. HP: 33/33 MP: 3/3
  1318 | D:3      | Noticed Grinder
  1346 | D:3      | Killed from afar by Grinder

Illustrated notes

Levels and vault maps discovered:
D:1:      lightli_arrival_noodles, layout_loops_ring, hangedman_feature_mirror,
          nicolae_eternal_life, hangedman_decor_slide_cut
D:2:      layout_rooms
D:3:      layout_loops_ring, portal_sewer_entry_c, nicolae_titane, uniq_grinder

Skill      XL: |  1  2 |
---------------+-------+-----
Axes           | 3 |  3.3
Fighting       | 4 |  4.0
Armour         | |  3.6
Shields        | |  3.6

Action                   || total
-------------------------++-------
Melee: War axe           ||    75
  Use: Scroll            ||     4
       Potion            ||     2
Armor: Scale mail        ||    38
Dodge: Dodged            ||    44
Block: Buckler           ||    27

Table legend: (Time is in decaauts)
 A = Elapsed time spent in this place.
 B = Non-inter-level travel time spent in this place.
 C = Inter-level travel time spent in this place.
 D = Time resting spent in this place.
 E = Time spent auto-exploring this place.
 F = Levels seen in this place.
 G = Mean time per level.
                   A        B        C        D        E       F      G
               +--------+--------+--------+--------+--------+-----+--------+
         Total |   1373 |   1344 |     29 |      0 |   1029 |   3 |  457.7 |
       Dungeon |   1373 |   1344 |     29 |      0 |   1029 |   3 |  457.7 |
               +--------+--------+--------+--------+--------+-----+--------+

Top non-repeatable levels by time:
     D:1: 836 daAuts
     D:2: 495 daAuts
     D:3: 42 daAuts
